 Dungeon Crawl Stone Soup version 0.24.0-123-gd5b16e6ec5 (webtiles) character file.

Game seed: 12599827473890611073, levelgen mode: deterministic

187 Johnny the Digger (level 5, 0/38 HPs)
             Began as a Demigod Earth Elementalist on Jan 27, 2020.
             Slain by a worker ant (8 damage)
             ... on level 4 of the Dungeon.
             The game lasted 00:04:05 (2911 turns).

Johnny the Digger (Demigod Earth Elementalist)      Turns: 2911, Time: 00:04:07

Health: 0/38       AC:  3    Str: 11    XL:     5   Next: 15%
Magic:  9/13       EV: 12    Int: 21    God:
Gold:   148        SH:  0    Dex: 16    Spells: 6/10 levels left

rFire    . . .     SeeInvis .   (no weapon)
rCold    . . .     Gourm    .   (no shield)
rNeg     . . .     Faith    .   c - +0 robe
rPois    .         Spirit   .   j - +0 helmet
rElec    .         Reflect  .   (no cloak)
rCorr    .         Harm     .   (no gloves)
MR       .....                  (no boots)
Stlth    ++........             l - amulet of magic regeneration
HPRegen  0.12/turn              (no ring)
MPRegen  0.38/turn              (no ring)

@: lethally poisoned (0 -> -13)
A: high mp 1
a: no special abilities


You were on level 4 of the Dungeon.
You were not hungry.

You visited 1 branch of the dungeon, and saw 4 of its levels.

You collected 148 gold pieces.

Inventory:

Hand Weapons
 q - a +0 hunting sling
Missiles
 f - a throwing net
 p - 31 stones (quivered)
Armour
 c - a +0 robe (worn)
 j - a +0 helmet (worn)
 o - a +0 buckler
Jewellery
 l - an amulet of magic regeneration (around neck)
Wands
 m - a wand of iceblast (3)
Scrolls
 a - 5 scrolls of identify {unknown}
 e - 2 scrolls of teleportation {unknown}
 h - 3 scrolls of remove curse {unknown}
 i - 3 scrolls of blinking {unknown}
 n - a scroll of random uselessness {unknown}
 r - a scroll of amnesia {unknown}
Potions
 b - a potion of agility {unknown}
 g - 4 potions of brilliance {unknown}
 k - 2 potions of heal wounds {unknown}
 s - a potion of invisibility {unknown}
Comestibles
 d - 5 rations


   Skills:
 - Level 1.7 Dodging
 - Level 1.7 Stealth
 + Level 1.2 Shields
 + Level 3.4 Spellcasting
   Level 0.8 Transmutations
 + Level 4.2 Earth Magic


You had 6 spell levels left.
You knew the following spells:

 Your Spells              Type           Power        Failure   Level  Hunger
a - Sandblast             Erth           ###...       2%          1    None
b - Stone Arrow           Conj/Erth      ##....       16%         3    ###....

Your spell library contained the following spells:

 Spells                   Type           Power        Failure   Level  Hunger
 Passwall                 Tmut/Erth      ##......     7%          2    ##.....
 Petrify                  Tmut/Erth      ##......     41%         4    ####...
 Lee's Rapid Deconstruct  Erth           ###.......   52%         5    ######.


Dungeon Overview and Level Annotations

Branches:
Dungeon (4/15)
 Temple: D:4-7


Innate Abilities, Weirdness & Mutations

You have an increased reservoir of magic. (+10% MP)


Message History

Casting: Sandblast (safe; 2% risk of failure)
Confirm with . or Enter, or press ? or * to list all spells.
Aiming: Sandblast (safe; 2% risk of failure)
Press: ? - help, Shift-Dir - straight line, f/p - worker ant
Aim: a worker ant (lightly wounded)
The blast of sand hits the worker ant but does no damage.
The worker ant is lightly wounded.
p - 32 stones
* * * LOW HITPOINT WARNING * * *
You feel sick. The worker ant closely misses you.
Casting: Sandblast (safe; 2% risk of failure)
Confirm with . or Enter, or press ? or * to list all spells.
Aiming: Sandblast (safe; 2% risk of failure)
Press: ? - help, Shift-Dir - straight line, f/p - worker ant
Aim: a worker ant (lightly wounded)
The blast of sand misses the worker ant.
p - 31 stones
* * * LOW HITPOINT WARNING * * *
You feel sick. The worker ant bites you!
You die...

#.........#
###############.........#
#..<....................#
#.......................#
#.......................#
#......................##
#........................
####'#############.......
#......@a...... #.......
#.............. #.....##
#.............. #......#
#.............. #......#
#.............. #......#
#.............. #......#
############### #......#
########


You could see a worker ant.

Vanquished Creatures
  An orc priest (D:3)
  7 adders
  An adder zombie (D:2)
  An adder skeleton (D:3)
  A dart slug (D:1)
  4 leopard geckos
  7 orcs (D:3)
  6 bats
  2 bat skeletons (D:2)
  5 giant cockroaches
  7 goblins
  8 hobgoblins
  9 kobolds
  A quokka (D:3)
  A ball python (D:2)
  8 frilled lizards
  7 rats
76 creatures vanquished.

Vanquished Creatures (others)
  2 plants (D:3)
2 creatures vanquished.

Grand Total: 78 creatures vanquished

Notes
Turn   | Place    | Note
-------+----------+-------------------------------------------
     0 | D:1      | Johnny the Demigod Earth Elementalist began the quest for
                  | the Orb.
     0 | D:1      | Reached XP level 1. HP: 14/14 MP: 5/5
   113 | D:1      | Reached skill level 3 in Earth Magic
   226 | D:1      | Reached XP level 2. HP: 18/20 MP: 4/7
   966 | D:2      | Reached XP level 3. HP: 22/26 MP: 4/9
  1450 | D:2      | Reached XP level 4. HP: 26/33 MP: 9/11
  1580 | D:3      | Found a sparkling altar of Nemelex Xobeh.
  1637 | D:2      | Learned a level 3 spell: Stone Arrow
  2063 | D:3      | Reached skill level 4 in Earth Magic
  2271 | D:3      | Found a shimmering altar of Xom.
  2472 | D:3      | Reached skill level 1 in Shields
  2478 | D:3      | Reached XP level 5. HP: 19/38 MP: 5/13
  2856 | D:4      | Found a burning altar of Makhleb.
  2858 | D:4      | Found a glowing silver altar of Zin.
  2858 | D:4      | Noticed an angel
  2859 | D:4      | Noticed a balrug
  2911 | D:4      | Slain by a worker ant

Levels and vault maps discovered:
D:1:      ebering_trefoil_twist, layout_loops_ring, serial_forest,
          infiniplex_forest_end_3, infiniplex_forest_clump_medium,
          infiniplex_forest_end_1, infiniplex_forest_fountain
D:2:      layout_basic, serial_undead, serial_undead_a, serial_undead_a,
          serial_undead_e, serial_undead_c, serial_undead_c, serial_undead_f
D:3:      layout_loops_corners, nicolae_overflow_crystal_walls,
          nemelex_xobeh_ov_fountains_minmay, first_ration, serial_bayou_lagoon_a
D:4:      layout_gridville, grunt_temple_overflow_order_and_chaos_2,
          kennysheep_boxes, uniq_pikel

Skill      XL: |  1  2  3  4 |
---------------+-------------+-----
Spellcasting   | 2 3 |  3.4
Earth Magic    | 3 4 |  4.2
Shields        | 1 |  1.2
Dodging        | |  1.7
Stealth        | |  1.7
Transmutations | |  0.8

Action                   |  1- 3 |  4- 6 || total
-------------------------+-------+-------++-------
Melee: Unarmed           |    38 |    24 ||    62
 Cast: Sandblast         |    59 |    37 ||    96
       Stone Arrow       |       |    20 ||    20
  Eat: Chunk             |     1 |     7 ||     8
Armor: Robe              |    11 |    14 ||    25
Dodge: Dodged            |    44 |    50 ||    94
